 Dungeon Crawl Stone Soup version 0.25.1-2-g60ff931df9 (webtiles) character file.

Game seed: 4214283473439455704

302 Martska the Changer (level 6, 0/51 HPs)
             Began as a Naga Transmuter on Oct 14, 2020.
             Slain by an orc
             ... wielding a cursed +0 spear
              (4 damage)
             ... on level 3 of the Dungeon.
             The game lasted 00:08:43 (4456 turns).

Martska the Changer (Naga Transmuter)               Turns: 4456, Time: 00:08:43

Health: 0/51       AC:  2    Str: 13    XL:     6   Next: 37%
Magic:  7/9        EV: 19    Int: 15    God:
Gold:   74         SH:  0    Dex: 16    Spells: 0/9 levels left

rFire    . . .     SeeInvis +     - Unarmed
rCold    . . .     Gourm    .   (shield currently unavailable)
rNeg     . . .     Faith    .   (armour currently unavailable)
rPois    x         Spirit   .   (helmet currently unavailable)
rElec    .         Reflect  .   (cloak currently unavailable)
rCorr    .         Harm     .   (gloves currently unavailable)
MR       .....                  (no barding)
Stlth    +.........             (no amulet)
HPRegen  0.17/turn              (no ring)
MPRegen  0.11/turn              (no ring)

@: spider-form (expiring)
A: tiny, see invisible, slow metabolism 1, spit poison 1, AC +2
a: Spit Poison, End Transformation


You were on level 3 of the Dungeon.
You were hungry.
You were a venomous arachnid creature.
You visited 1 branch of the dungeon, and saw 3 of its levels.

You collected 74 gold pieces.

Inventory:

Hand Weapons
 c - a +1 spear of venom (melded)
 g - a +0 club
Missiles
 a - 39 arrows
Armour
 b - a +0 robe (melded)
 d - a +0 helmet (melded)
 h - a +0 pair of gloves (melded)
Jewellery
 q - an uncursed ring of see invisible {unknown}
Scrolls
 i - 3 scrolls of enchant weapon {unknown}
 j - 2 scrolls of identify {unknown}
 l - a scroll of teleportation {unknown}
 o - a scroll of blinking {unknown}
Potions
 e - 3 potions of magic {unknown}
 f - 2 potions of curing {unknown}
 k - a potion of stabbing {unknown}
 p - a potion of mutation {unknown}
Comestibles
 m - 6 rations


   Skills:
 - Level 1.0 Fighting
 - Level 1.5 Dodging
 - Level 3.0 Unarmed Combat
 - Level 2.0 Spellcasting
 * Level 6.5 Transmutations


You couldn't memorise any spells.
You knew the following spells:

 Your Spells              Type           Power        Failure   Level  Hunger
a - Beastly Appendage     Tmut           ###...       7%          1    #......
b - Spider Form           Tmut/Pois      ##........   36%         3    ###....
c - Blade Hands           Tmut           ###.......   61%         5    ######.

Your spell library contained the following spells:

 Spells                   Type           Power        Failure   Level  Hunger
 Sticks to Snakes         Tmut           ###.....     9%          2    ###....
 Ice Form                 Ice/Tmut       ##......     71%         4    #####..


Dungeon Overview and Level Annotations

Branches:
Dungeon (3/15)

Altars:
The Shining One


Innate Abilities, Weirdness & Mutations

You cannot wear boots.
((Your serpentine skin is tough. (AC +2)))
You have supernaturally acute eyesight. (SInv)
((Armour fits poorly on your strangely shaped body.))
((Your system is resistant to poisons. (rPois)))
((You cover ground very slowly.))
You have a slow metabolism.
You can spit poison.


Message History

Pain shoots through your body!
* * * LOW HITPOINT WARNING * * *
You bite the orc priest!
You kill the orc priest!
The orc closely misses you. The orc priest hits you with a +0 club.
* * * LOW HITPOINT WARNING * * *
You hit the orc priest but do no damage.
The orc barely misses you. The orc priest closely misses you.
You hit the orc priest but do no damage.
The orc priest is poisoned.
The orc barely misses you. The orc priest misses you.
You hit the orc priest but do no damage.
The orc priest looks as sick as possible!
The orc priest is lightly wounded.
The orc misses you.
The orc priest miscasts a cantrip.
You hit the orc priest but do no damage.
The orc priest is heavily wounded.
The orc hits you from afar with a cursed +0 spear.
You die...

#....[...##....#.#
#........##....#.##
#........##..###..###
#.....<..##..# ##.#..
#........#...## #....
#..........#...##....
####o.###.##.........
######.o....##......<..
##...##s)######.........
##.....#..# ###.......
#.........# #..##...
#########.......<.## #####......
#..................####.)÷)......
#.##..###........#.##...###[#....
#................#.##.###........
#.....#≈##.........#..###........
#...≈##≈≈###.....#........)...>..


You could see an orc priest (extremely poisoned) and an orc (resistant).

Vanquished Creatures
  An orc priest (D:3)
  An iguana (D:3)
  Robin (D:2)
  6 gnolls (D:3)
  7 adders
  4 worms
  3 leopard geckos
  An orc (D:3)
  2 ball pythons (D:1)
  A giant cockroach (D:1)
  19 goblins
  13 hobgoblins
  7 jackals
  9 kobolds
  2 quokkas
  12 bats
  4 frilled lizards
  13 rats
106 creatures vanquished.

Notes
Turn   | Place    | Note
-------+----------+-------------------------------------------
     0 | D:1      | Martska the Naga Transmuter began the quest for the Orb.
     0 | D:1      | Reached XP level 1. HP: 18/18 MP: 3/3
   144 | D:1      | Reached XP level 2. HP: 24/25 MP: 5/5
   452 | D:1      | Reached skill level 3 in Transmutations
   956 | D:1      | Reached XP level 3. HP: 17/31 MP: 6/6
  1644 | D:1      | Found a glowing golden altar of the Shining One.
  1838 | D:1      | Learned a level 3 spell: Spider Form
  2123 | D:2      | Reached skill level 4 in Transmutations
  2454 | D:2      | Reached XP level 4. HP: 38/38 MP: 3/7
  2455 | D:2      | Noticed Robin
  2490 | D:2      | Killed Robin
  3377 | D:2      | Reached skill level 5 in Transmutations
  3531 | D:3      | Reached XP level 5. HP: 44/44 MP: 4/8
  3766 | D:3      | Reached skill level 6 in Transmutations
  3779 | D:3      | Reached XP level 6. HP: 27/51 MP: 7/9
  3812 | D:3      | Learned a level 5 spell: Blade Hands
  4456 | D:3      | Slain by an orc

Illustrated notes

Levels and vault maps discovered:
D:1:      dpeg_arrival_radiant, layout_loops_cross, minmay_misc_feat_alley,
          serial_park_tiny_2, tso_altar
D:2:      layout_loops_ring, first_ration, nrook_campfire, uniq_robin
D:3:      layout_rooms, chequers_serial_rivers_room_a, minivault_4,
          hangedman_glass_teeth

Skill      XL: |  1  2  3  4  5 |
---------------+----------------+-----
Transmutations | 3 4 5 6 |  6.5
Fighting       | |  1.0
Dodging        | |  1.5
Unarmed Combat | |  3.0
Spellcasting   | |  2.0

Action                   |  1- 3 |  4- 6 || total
-------------------------+-------+-------++-------
Melee: Club              |   121 |     1 ||   122
       Unarmed           |     5 |    78 ||    83
       Punch             |     1 |       ||     1
       Spear             |       |    93 ||    93
 Cast: Spider Form       |     1 |     8 ||     9
 Abil: Spit Poison       |    31 |    12 ||    43
 Stab: Sleeping          |     1 |     2 ||     3
  Eat: Chunk             |     1 |     7 ||     8
       Ration            |     1 |       ||     1
Armor: Robe              |    51 |    28 ||    79
       Skin              |       |     4 ||     4
Dodge: Dodged            |   100 |   137 ||   237
